 Dungeon Crawl Stone Soup version 0.29-a0-834-g1e95ca9f62 (webtiles) character file.

Game seed: 5613667762409986656

30 zeratav the Stinger (level 3, 0/21 HPs)
             Began as an Octopode Venom Mage on July 12, 2022.
             Constricted to death by a ball python (1 damage)
             ... on level 1 of the Dungeon.
             The game lasted 00:01:19 (1103 turns).

zeratav the Stinger (Octopode Venom Mage)           Turns: 1103, Time: 00:01:20

Health: 0/21       AC:  1    Str:  7    XL:     3   Next: 18%
Magic:  6/6        EV: 10    Int: 19    God:
Gold:   33         SH:  0    Dex: 12    Spells: 5/6 levels left

rFire   . . .      SeeInvis .   c - +0 dagger {short}
rCold   . . .      Faith    .   (no shield)
rNeg    . . .      Spirit   .   (helmet restricted)
rPois   .          Reflect  .   (no amulet)
rElec   .          Harm     .   b - ring of willpower
rCorr   .          Rampage  .   (no ring)
Will    +....                   (no ring)
Stlth   +++.......              (no ring)
HPRegen 0.07/turn               (no ring)
MPRegen 0.10/turn               (no ring)
                                (no ring)
                                (no ring)

@: constricted
A: almost no armour, amphibious, 8 rings, camouflage 1, gelatinous body 1,
(nimble swimmer 1), tentacles
a: no special abilities


You were on level 1 of the Dungeon.
You visited 1 branch of the dungeon, and saw 1 of its levels.

You collected 33 gold pieces.


Innate Abilities, Weirdness & Mutations

You cannot wear most types of armour.
You are amphibious.
You can wear up to eight rings at the same time.
Your skin changes colour to match your surroundings (Stealth+).
Your rubbery body absorbs attacks. (AC +1, EV +1)
((You are camouflaged when in or above water. (Stealth+)))
You have tentacles for arms and can constrict up to eight enemies at once.


   Skills:
 - Level 2.0 Dodging
 + Level 4.0 Stealth
 - Level 2.0 Spellcasting
 - Level 1.0 Transmutations
 + Level 4.4 Poison Magic


You had 5 spell levels left.
You knew the following spells:

 Your Spells              Type           Power      Damage    Failure   Level
a - Sting                 Tmut/Pois      48%        1d5       5%          1

Your spell library contained the following spells:

 Spells                   Type           Power      Damage    Failure   Level
 Poisonous Vapours        Pois/Air       20%        N/A       11%         2
 Olgreb's Toxic Radiance  Pois           18%        N/A       26%         4
 Mephitic Cloud           Conj/Pois/Air  7%         N/A       28%         3

Inventory:

Hand Weapons
 c - a +0 dagger (weapon) {short}
   (You took it off a kobold on level 1 of the Dungeon)
Jewellery
 b - a ring of willpower (left tentacle)
   (You found it on level 1 of the Dungeon)
Scrolls
 d - a scroll of identify {unknown}
 g - a scroll of teleportation {unknown}
Potions
 a - a potion of magic
 e - a potion of haste {unknown}
 f - 2 potions of curing {unknown}

Dungeon Overview and Level Annotations

Branches:
Dungeon (1/15) Zot: 4896

Altars:

......)..................
#.#####.##.##..............
#.# #.##.##...≈≈≈.≈≈≈....
#.# #........≈≈♣....≈≈...
#.#####.......≈≈..8....≈≈..
.....#####.#.≈≈.........≈≈.
#.##.# #)..#.≈...........≈.
#.##.###.###.≈..♣.....8..≈.
K.S.S.##.# #.≈≈S@8.<....≈≈.
#.#.##.#.###..≈≈.......≈≈..
....##.....gKKg≈≈...♣.≈≈..#
#.#.##!#.#####J)≈≈≈≈≈≈≈..##
..r...##.# ##..........##
##..####.# #..###..##.##
...... ..# #.##...###.#
##.### ### #.##.......#
#.##...#####


You could see an endoplasm, 2 hobgoblins, a ball python and 2 kobolds.


Message History

You take 2 damage, and now have 16/21 hp.
You hit the goblin.
You kill the goblin!
No target in view!
No target in view!
No target in view!
No target in view!
You see here a +0 club {mace}.
Found a stone staircase leading down.
HP[+5]
Your hp is fully restored (21).
There is a shaft here.
An endoplasm comes into view.
An endoplasm is nearby!
The helpless endoplasm fails to defend itself.
You puncture the endoplasm!
You kill the endoplasm!
Your Stealth skill increases to level 4!
A kobold comes into view. It is wielding a +0 dagger.
The helpless kobold fails to defend itself.
You puncture the kobold!
You kill the kobold!
Things that are here:
a +0 dagger {short}; a kobold corpse
Found a stone staircase leading down.
g - a scroll labelled ZIUVUA TASCHIFO No target in view!
An endoplasm and 2 hobgoblins come into view.
A kobold comes into view. It is wielding a +0 whip.
There is a stone staircase leading down here.
The kobold shouts!
The endoplasm quivers.
You hear a shout! x2; You hear an angry hiss.
The hobgoblin hits you.
A ball python comes into view.
HP[-4]
You take 4 damage, and now have 17/21 hp.
You closely miss the hobgoblin. You grab the hobgoblin.
You squeeze the hobgoblin. You constrict the hobgoblin. The hobgoblin hits you.
An endoplasm comes into view.
HP[-1]
You take 1 damage, and now have 16/21 hp.
You hit the hobgoblin. You constrict the hobgoblin. The hobgoblin misses you.
You hit the hobgoblin but do no damage. You squeeze the hobgoblin.
You kill the hobgoblin!
The kobold barely misses you.
HP[+1]
You hit the endoplasm.
A kobold comes into view. It is wielding a +0 whip.
The endoplasm barely misses you. The hobgoblin hits you.
The endoplasm closely misses you. The kobold hits you but does no damage.
HP[-4]
You take 4 damage, and now have 13/21 hp.
You hit the endoplasm.
You kill the endoplasm!
The hobgoblin barely misses you. The endoplasm closely misses you.
A hobgoblin comes into view.
The kobold closely misses you.
You closely miss the hobgoblin.
The hobgoblin shouts!
Your grab misses the hobgoblin.
You hear a shout!
The hobgoblin closely misses you.
The endoplasm jiggles.
The endoplasm barely misses you. The kobold hits you with a +0 whip.
* * * LOW HITPOINT WARNING * * *
HP[-4]
You take 4 damage, and now have 9/21 hp.
You are too injured to fight recklessly!
You are too injured to fight recklessly!
You are too injured to fight recklessly!
A kobold comes into view. It is wielding a +0 dagger.
The endoplasm attacks as you move away! The endoplasm misses you.
A rat comes into view.
A goblin comes into view. It is wielding a +0 club.
The goblin moves out of view.
The hobgoblin attacks as you move away! The hobgoblin closely misses you.
The hobgoblin attacks as you move away! The hobgoblin hits you.
* * * LOW HITPOINT WARNING * * *
HP[-4]
You take 4 damage, and now have 5/21 hp.
HP[+1]
You see here a +0 whip {mace}.
The endoplasm jiggles.
The hobgoblin attacks as you move away! The hobgoblin closely misses you.
The hobgoblin attacks as you move away! The hobgoblin closely misses you.
The hobgoblin attacks as you move away! The hobgoblin barely misses you.
The hobgoblin attacks as you move away! The hobgoblin barely misses you.
The hobgoblin attacks as you move away! The hobgoblin closely misses you.
You closely miss the hobgoblin. Your grab misses the hobgoblin.
The hobgoblin hits you.
* * * LOW HITPOINT WARNING * * *
HP[-4]
You take 4 damage, and now have 2/21 hp.
There are monsters nearby!
There are monsters nearby!
The ball python bites you.
* * * LOW HITPOINT WARNING * * *
The ball python grabs you. The ball python constricts you.
You die...

Skill      XL: |  1  2  3 |
---------------+----------+-----
Stealth        | 3 4 |  4.0
Poison Magic   | 4 |  4.4
Dodging        | |  2.0
Spellcasting   | |  2.0
Transmutations | |  1.0

Action                   || total
-------------------------++-------
Melee: Whip              ||    14
       Constrict         ||    13
       Tentacles         ||    10
       Punch             ||     2
       Dagger            ||    35
 Cast: Sting             ||     2
 Stab: Sleeping          ||     5
Armor: Skin              ||     3
Dodge: Dodged            ||    36

Levels and vault maps discovered:
D:1:      moated_graveyard_arrival, layout_loops_ring, serial_shops, shop,
          serial_glass, glass_columns_a, glass_columns_b,
          hellmonk_ecumenical_altar_prayer_group

Notes
Turn   | Place    | Note
-------+----------+-------------------------------------------
     0 | D:1      | zeratav the Octopode Venom Mage began the quest for the
                  | Orb.
     0 | D:1      | Reached XP level 1. HP: 11/11 MP: 3/3
     0 | D:1      | magus.rc [v1.9.6]
    22 | D:1      | Reached skill level 3 in Stealth
    27 | D:1      | HP: 1/11 [jackal (3)]
   120 | D:1      | HP: 1/11 [ball python (3)]
   122 | D:1      | Reached XP level 2. HP: 2/17 MP: 3/5
   454 | D:1      | Reached skill level 4 in Poison Magic
   948 | D:1      | Reached XP level 3. HP: 21/21 MP: 6/6
  1047 | D:1      | Reached skill level 4 in Stealth
  1087 | D:1      | HP: 5/21 [hobgoblin (4)]
  1101 | D:1      | HP: 2/21 [hobgoblin (4)]
  1103 | D:1      | Constricted to death by a ball python

Vanquished Creatures
  A dart slug (D:1)
  2 endoplasms (D:1)
  A giant cockroach (D:1)
  2 goblins (D:1)
  2 hobgoblins (D:1)
  10 jackals (D:1)
  A ball python (D:1)
  3 kobolds (D:1)
22 creatures vanquished.

Table legend:
 A = Non-vault XP
 B = Vault XP
 C = Vault XP percentage of total XP
 D = Non-vault monster count
 E = Vault monster count
 F = Vault count percentage of total count
                 A         B        C        D         E       F
            +---------+---------+-------+---------+---------+-------
      Total |      43 |       0 |   0.0 |      22 |       0 |   0.0
            +---------+---------+-------+---------+---------+-------
        D:1 |      43 |       0 |   0.0 |      22 |       0 |   0.0
            +---------+---------+-------+---------+---------+-------

Illustrated notes

Table legend:
 A = Kills in this place as a percentage of kills in entire the game.
 B = Kills by you in this place as a percentage of kills by you in the entire game.
 C = Kills by friends in this place as a percentage of kills by friends in the entire game.
 D = Other kills in this place as a percentage of other kills in the entire game.
 E = Experience gained in this place as a percentage of experience gained in the entire game.
 F = Experience gained in this place divided by the number of levels of this place that you have seen.
                   A       B       C       D       E      F
               +-------+-------+-------+-------+-------+----------------------
         Total | 100.0 | 100.0 |   N/A |   N/A | 100.0 |  43.0
       Dungeon | 100.0 | 100.0 |   N/A |   N/A | 100.0 |  43.0
               +-------+-------+-------+-------+-------+----------------------

Table legend: (Time is in decaauts)
 A = Elapsed time spent in this place.
 B = Non-inter-level travel time spent in this place.
 C = Inter-level travel time spent in this place.
 D = Time resting spent in this place.
 E = Time spent auto-exploring this place.
 F = Levels seen in this place.
 G = Mean time per level.
                   A        B        C        D        E       F      G
               +--------+--------+--------+--------+--------+-----+--------+
         Total |   1102 |   1102 |      0 |    325 |    568 |   1 | 1102.0 |
       Dungeon |   1102 |   1102 |      0 |    325 |    568 |   1 | 1102.0 |
               +--------+--------+--------+--------+--------+-----+--------+

Top non-repeatable levels by time:
     D:1: 1102 daAuts
